 Dungeon Crawl Stone Soup version 0.21.1-1-g345015fe64 (webtiles) character file.

279 Lothor the Cudgeler (level 6, -4/59 HPs)
             Began as a Troll Fighter on Mar 21, 2018.
             Slain by an orc warrior
             ... wielding a +0 short sword
              (11 damage)
             ... on level 3 of the Dungeon.
             The game lasted 00:08:33 (2422 turns).

Lothor the Cudgeler (Troll Fighter)                 Turns: 2422, Time: 00:08:35

Health: -4/59      AC:  5    Str: 27    XL:     6   Next: 5%
Magic:  5/5        EV:  8    Int:  4    God:
Gold:   119        SH:  9    Dex:  9    Spells: 5/5 levels left

rFire    . . .     SeeInvis .   a - +0 flail
rCold    . . .     Gourm    +   c - +0 shield
rNeg     . . .     Faith    .   b - +0 robe
rPois    .         Spirit   .   (helmet restricted)
rElec    .         Reflect  .   (no cloak)
rCorr    .         Harm     .   (gloves unavailable)
MR       .....                  (boots unavailable)
Stlth    +.........             (no amulet)
HPRegen  0.59/turn              (no ring)
MPRegen  0.09/turn              (no ring)

@: no status effects
A: large, unfitting armour, claws 3, fast metabolism 3, gourmand, regeneration
1, shaggy fur 1, tough skin 2
a: no special abilities


You were on level 3 of the Dungeon.
You were completely stuffed.

You visited 1 branch of the dungeon, and saw 3 of its levels.

You collected 119 gold pieces.

Inventory:

Hand Weapons
 a - a +0 flail (weapon)
Missiles
 h - 15 sling bullets
 k - 10 bolts
 p - 35 stones (quivered)
 A - 4 javelins
Armour
 b - a +0 robe (worn)
 c - a +0 shield (worn)
 r - a +0 cloak
Jewellery
 s - an uncursed ring of flight {unknown}
Wands
 y - a wand of iceblast (9)
Scrolls
 g - 2 scrolls of random uselessness {unknown}
 j - 3 scrolls of identify {unknown}
 m - 2 scrolls of remove curse
 n - a scroll of immolation {unknown}
 q - a scroll of enchant armour {unknown}
 u - 2 scrolls of amnesia {unknown}
 v - 2 scrolls of teleportation {unknown}
 x - a scroll of blinking {unknown}
Potions
 d - a potion of might
 e - a potion of ambrosia {unknown}
 i - 2 potions of curing {unknown}
 l - a potion of magic {unknown}
 o - 2 potions of heal wounds {unknown}
 t - 2 potions of agility {unknown}
 z - a potion of berserk rage {unknown}
Comestibles
 f - 8 rations
 w - 6 chunks of flesh


   Skills:
 - Level 2.4 Fighting
 + Level 5.8 Maces & Flails
 - Level 2.4 Dodging
 - Level 2.4 Shields


You had 5 spell levels left.
You didn't know any spells.

Dungeon Overview and Level Annotations

Branches:
Dungeon (3/15)

Altars:
Cheibriados
Elyvilon
Uskayaw


Innate Abilities, Weirdness & Mutations

You are too large for most types of armour.
You have claws for hands.
Your metabolism is lightning-fast.
You like to eat raw meat.
Your natural rate of healing is unusually fast.
You are covered in fur. (AC +1)
You have very tough skin. (AC +2)


Message History

The orc warrior hits you with a short sword.
You closely miss the orc warrior.
The orc wizard begins to cast a cantrip, but forgets the words!
The orc warrior hits you with a short sword.
You hit the orc warrior.
The orc warrior is moderately wounded.
The orc warrior hits you with a short sword!
* * * LOW HITPOINT WARNING * * *
You hit the orc warrior but do no damage.
The orc warrior is moderately wounded.
You block the orc warrior's attack.
You hit the orc warrior.
The orc warrior is moderately wounded.
You sock the orc warrior!
The orc warrior is severely wounded.
The orc wizard gestures at you while chanting.
The puff of flame hits you!
* * * LOW HITPOINT WARNING * * *
The orc warrior hits you with a short sword!
You die...

.........#####.........##.###.##.
.........# #...........##.....##.
.........# #........#.........##.
.........# #.##.#####....###.....
.........# #.##.# #.8..._...8..
.....))..# #.#..### #.....)......
######.#######..#.# #.8.......8..
#.#........#.###............
####.#.####.#.@o##..8.......8..
#.....>..##.###.##o.[..........
####.....##.# #o.o........###..
#.###.##.# #.##........#.#<.
###.###.##.# #.##...(.........
#....##.##.###................
#.#..##.........##.####.......
#.#..####.....<.##.# #.......
#....####...>...##(####.#.....


You could see an orc warrior, an orc wizard and an orc.

Vanquished Creatures
  Sigmund (D:2)
  An orc wizard (D:3)
  3 adders (D:2)
  4 worms
  4 dart slugs
  3 leopard geckos
  4 giant cockroaches
  6 goblins
  13 hobgoblins
  A ball python (D:2)
  4 bats
  2 frilled lizards
  7 kobolds
  8 rats
61 creatures vanquished.

Notes
Turn   | Place    | Note
-------+----------+-------------------------------------------
     0 | D:1      | Lothor the Troll Fighter began the quest for the Orb.
     0 | D:1      | Reached XP level 1. HP: 22/22 MP: 0/0
    70 | D:1      | Reached skill level 2 in Maces & Flails
   252 | D:1      | Reached XP level 2. HP: 29/29 MP: 1/1
   688 | D:1      | Reached skill level 3 in Maces & Flails
   879 | D:2      | Reached XP level 3. HP: 36/36 MP: 2/2
  1082 | D:2      | Found a white marble altar of Elyvilon.
  1215 | D:2      | Reached skill level 4 in Maces & Flails
  1215 | D:2      | Reached XP level 4. HP: 22/44 MP: 3/3
  1655 | D:2      | Noticed Sigmund
  1697 | D:2      | Killed Sigmund
  1697 | D:2      | Reached skill level 5 in Maces & Flails
  1697 | D:2      | Reached XP level 5. HP: 14/50 MP: 4/4
  1782 | D:2      | Found a faded altar of an unknown god.
  2082 | D:3      | Found a snail-covered altar of Cheibriados.
  2099 | D:3      | Found a hide-covered altar of Uskayaw.
  2297 | D:3      | Noticed an orc warrior
  2412 | D:3      | Reached XP level 6. HP: 48/59 MP: 5/5
  2422 | D:3      | Slain by an orc warrior

Skill      XL: |  1  2  3  4 |
---------------+-------------+-----
Maces & Flails | 2 3 4 5 |  5.8
Fighting       | |  2.4
Dodging        | |  2.4
Shields        | |  2.4

Action                   |  1- 3 |  4- 6 || total
-------------------------+-------+-------++-------
Melee: Flail             |   167 |   118 ||   285
  Use: Scroll            |       |     1 ||     1
  Eat: Chunk             |    16 |    13 ||    29
Armor: Robe              |    63 |    27 ||    90
Dodge: Dodged            |    69 |    33 ||   102
Block: Shield            |   100 |    41 ||   141
